 Dungeon Crawl Stone Soup version 0.21-a0-476-gd103f4b (webtiles) character file.

104 kae the Insei (level 4, -2/35 HPs)
             Began as a Draconian Transmuter on Nov 22, 2017.
             Slain by an orc
             ... wielding a +0 flail
              (5 damage)
             ... while paralysed
             ... on level 3 of the Dungeon.
             The game lasted 00:01:58 (2171 turns).

kae the Insei (Draconian Transmuter)                Turns: 2171, Time: 00:01:59

Health: -2/35      AC:  5    Str: 12    XL:     4   Next: 52%
Magic:  7/7        EV:  2    Int: 14    God:
Gold:   123        SH:  0    Dex: 12    Spells: 2/8 levels left

rFire    + . .     SeeInvis .   m - +0 short sword (speed)
rCold    + . .     Gourm    .   (no shield)
rNeg     . . .     Faith    .   (armour unavailable)
rPois    +         Spirit   .   (helmet restricted)
rElec    +         Reflect  .   (no cloak)
rCorr    +         Harm     .   (no gloves)
MR       .....                  (no boots)
Stlth    +.........             (no amulet)
HPRegen  0.11/turn              (no ring)
MPRegen  0.10/turn              (no ring)

@: paralysed, resistant, berserk cooldown, slowed
A: unfitting armour, cold-blooded, AC +5
a: no special abilities


You were on level 3 of the Dungeon.
You were hungry.

You visited 1 branch of the dungeon, and saw 3 of its levels.

You collected 123 gold pieces.

Inventory:

Hand Weapons
 e - a +0 club
 m - a +0 short sword of speed (weapon)
Missiles
 a - 76 arrows
Jewellery
 h - an uncursed ring of protection from magic {unknown}
Scrolls
 o - a scroll of magic mapping
Potions
 f - a potion of curing
 g - 3 potions of lignification
 i - a potion of agility {unknown}
 j - a potion of cancellation {unknown}
 n - 2 potions of berserk rage
Books
 b - a book of Changes

   Spells                             Type                      Level
   a - Beastly Appendage              Transmutation                1
   b - Sticks to Snakes               Transmutation                2
   c - Spider Form                    Transmutation/Poison         3
   d - Ice Form                       Ice/Transmutation            4
   e - Blade Hands                    Transmutation                5
Comestibles
 c - 3 bread rations
 k - 2 royal jellies
 l - 2 meat rations


   Skills:
 - Level 1.1 Fighting
 - Level 1.7 Dodging
 * Level 4.0 Unarmed Combat
 + Level 2.6 Spellcasting
 * Level 3.4 Transmutations


You had 2 spell levels left.
You knew the following spells:

 Your Spells              Type           Power        Failure   Level  Hunger
a - Beastly Appendage     Tmut           ##....       5%          1    #......
b - Sticks to Snakes      Tmut           ##......     9%          2    ###....
c - Spider Form           Tmut/Pois      #.........   32%         3    ###....


Dungeon Overview and Level Annotations

Branches:
Dungeon (3/15)

Altars:
Ashenzari
Fedhas
Gozag
Xom
Zin


Innate Abilities, Weirdness & Mutations

Your plain brown scales are hard. (AC +5)
You cannot fit into any form of body armour.
You are cold-blooded and may be slowed by cold attacks.


Message History

The orc priest miscasts a cantrip.
You see here an orc corpse.
You barely miss the orc priest. The orc priest misses you.
You hit the orc priest.
The orc priest is moderately wounded.
You puncture the orc priest!
You kill the orc priest!
Your Unarmed Combat skill increases to level 4!
The orc hits you with a flail.
You see here an orc corpse.
You hit the orc.
The orc is severely wounded.
You are no longer berserk.
You pass out from exhaustion.
You feel yourself slow down. The orc hits you with a flail.
The orc hits you with a flail!
* * * LOW HITPOINT WARNING * * *
The orc hits you with a flail.
You die...

# .## #.. #.# #.#
### #.# #####.##
#.# .......# #o#
####...####### #@#
##..........# #†#
#.........#.###)#
##)##..#.#.....†.#
...###.#.###.#####
#### #.#.###.#
...[...#.....#
##############


You could see an orc.

Vanquished Creatures
  An orc priest (D:3)
  An ooze (D:2)
  A dart slug (D:2)
  2 leopard geckos
  3 orcs (D:3)
  A ball python (D:3)
  8 giant cockroaches
  7 goblins
  5 hobgoblins
  3 jackals (D:1)
  3 bats
  4 frilled lizards (D:1)
  12 kobolds
  9 rats
  A plant (D:2)
61 creatures vanquished.

Notes
Turn   | Place    | Note
-------+----------+-------------------------------------------
     0 | D:1      | kae the Draconian Transmuter began the quest for the Orb.
     0 | D:1      | Reached XP level 1. HP: 16/16 MP: 3/3
   207 | D:1      | Reached XP level 2. HP: 21/23 MP: 5/5
  1047 | D:2      | Reached XP level 3. HP: 25/28 MP: 4/6
  1057 | D:2      | Learned a level 2 spell: Sticks to Snakes
  1061 | D:2      | Learned a level 3 spell: Spider Form
  1123 | D:2      | Found an opulent altar of Gozag.
  1868 | D:3      | Found a blossoming altar of Fedhas.
  1873 | D:3      | Found a shimmering altar of Xom.
  1875 | D:3      | Found a shattered altar of Ashenzari.
  1885 | D:3      | Found a glowing silver altar of Zin.
  2124 | D:3      | Reached XP level 4. HP: 24/35 MP: 7/7
  2166 | D:3      | Reached skill level 4 in Unarmed Combat
  2171 | D:3      | Slain by an orc

Vault maps used:
D:1:      eino_arrival_water_cross, dk_noncrumbling_2
D:2:      lemuel_round_altar, lexackson_kobold_supper
D:3:      old_standard_altar, lightli_temple_of_fire, lemuel_doored_altar,
          nicolae_overflow_hidden_temple, first_bread, lemuel_blue_sif_altar

Skill      XL: |  1  2  3  4 |
---------------+-------------+-----
Transmutations | 3 |  3.4
Unarmed Combat | 4 |  4.0
Fighting       | |  1.1
Dodging        | |  1.7
Spellcasting   | |  2.6

Action                   |  1- 3 |  4- 6 || total
-------------------------+-------+-------++-------
Melee: Club              |   139 |       ||   139
       Unarmed           |    15 |       ||    15
       Tailslap          |    25 |     1 ||    26
       Punch             |     4 |       ||     4
       Kick              |     6 |       ||     6
       Headbutt          |     2 |       ||     2
       Short sword       |   104 |    12 ||   116
 Cast: Beastly Appendage |     9 |       ||     9
       Spider Form       |     1 |       ||     1
  Use: Scroll            |     5 |       ||     5
       Potion            |       |     2 ||     2
 Stab: Sleeping          |     2 |       ||     2
  Eat: Chunk             |     4 |       ||     4
Armor: Skin              |    64 |     2 ||    66
Dodge: Dodged            |   146 |     5 ||   151

Table legend:
 A = Spawn XP
 B = Non-spawn XP
 C = Spawn XP percentage of total XP
 D = Spawn monster count
 E = Non-spawn monster count
 F = Spawn count percentage of total count
 G = Total turns spent on level
                    A         B        C        D         E        F      G
               +---------+---------+-------+---------+---------+-------+---------
         Total |       0 |     149 |   0.0 |       0 |      60 |   0.0 |  2171
               +---------+---------+-------+---------+---------+-------+---------
           D:1 |       0 |      39 |   0.0 |       0 |      25 |   0.0 |  1008
           D:2 |       0 |      42 |   0.0 |       0 |      20 |   0.0 |   805
           D:3 |       0 |      68 |   0.0 |       0 |      15 |   0.0 |   358
               +---------+---------+-------+---------+---------+-------+---------
